 Dungeon Crawl Stone Soup version 0.20.1-1-g8b1a95d (webtiles) character file.

16 rrRat the Gusty (level 2, -1/20 HPs)
             Began as a Draconian Air Elementalist on Nov 7, 2017.
             Slain by an adder (2 damage)
             ... on level 2 of the Dungeon.
             The game lasted 00:02:01 (615 turns).

rrRat the Gusty (Draconian Air Elementalist)         Turns: 615, Time: 00:02:02

Health: -1/20      AC:  4    Str: 10    XL:     2   Next: 37%
Magic:  1/5        EV: 12    Int: 15    God:
Gold:   51         SH:  0    Dex: 11    Spells: 4/5 levels left

rFire    . . .     SeeInvis .   (no weapon)
rCold    . . .     Gourm    .   (no shield)
rNeg     . . .     Faith    .   (armour unavailable)
rPois    .         Spirit   .   (helmet restricted)
rElec    .         Reflect  .   (no cloak)
rCorr    .         Harm     .   (no gloves)
MR       .....                  (no boots)
Stlth    ++........             (no amulet)
Regen    0.1/turn               (no ring)
MPRegen  0.1/turn               (no ring)

@: lethally poisoned (-1 -> -7)
A: unfitting armour, cold-blooded, AC +4
a: no special abilities


You were on level 2 of the Dungeon.
You were not hungry.

You visited 1 branch of the dungeon, and saw 2 of its levels.

You collected 51 gold pieces.

Inventory:

Books
 a - a book of Air

   Spells                             Type                      Level
   a - Shock                          Conjuration/Air              1
   b - Swiftness                      Charms/Air                   2
   c - Static Discharge               Conjuration/Air              3
   d - Airstrike                      Air                          4
   e - Lightning Bolt                 Conjuration/Air              5
Comestibles
 b - a bread ration


   Skills:
 + Level 1.8 Dodging
 + Level 1.9 Stealth
 + Level 0.2 Unarmed Combat
 + Level 2.1 Spellcasting
 + Level 1.1 Conjurations
 + Level 3.4 Air Magic


You had 4 spell levels left.
You knew the following spells:

 Your Spells              Type           Power        Failure   Level  Hunger
a - Shock                 Conj/Air       #...         9%          1    #......


Dungeon Overview and Level Annotations

Branches:
Dungeon (1/15)

Altars:


Innate Abilities, Weirdness & Mutations

Your plain brown scales are hard. (AC +4)
You cannot fit into any form of body armour.
You are cold-blooded and may be slowed by cold attacks.


Message History

The gnoll is lightly wounded.
The gnoll hits you from afar with a spear!
* * * LOW HITPOINT WARNING * * *
You hit the adder.
The adder is moderately wounded.
The adder bites you but does no damage. The gnoll hits you but does no damage.
The adder misses you.
You miss the adder.
The adder is moderately wounded.
The gnoll hits you from afar with a spear.
* * * LOW HITPOINT WARNING * * *
The adder bites you.
* * * LOW HITPOINT WARNING * * *
You are lethally poisoned!
The adder poisons you!
You closely miss the adder.
Your tail-slap misses the adder.
The adder is moderately wounded.
* * * LOW HITPOINT WARNING * * *
You feel sick. The adder bites you.
You die...

#.... ######...
........$...
......[.... ..........#
..........#
..........############.
.........gggwg.@S......
g.........############.
..........# ..........#
..........# ##.###.####
# #. .. ###


You could see a worm, 4 gnolls and an adder.

Vanquished Creatures
  3 dart slugs (D:1)
  A giant cockroach (D:1)
  A goblin (D:1)
  A hobgoblin (D:1)
  A bat (D:1)
  4 frilled lizards
11 creatures vanquished.

Notes
Turn   | Place    | Note
-------+----------+-------------------------------------------
     0 | D:1      | rrRat the Draconian Air Elementalist began the quest for the Orb.
     0 | D:1      | Reached XP level 1. HP: 14/14 MP: 3/3
     2 | D:1      | Noticed a felid
     4 | D:1      | Noticed a gargoyle
     4 | D:1      | Noticed an elf
     6 | D:1      | Noticed a dwarf
     9 | D:1      | Noticed a demigod
     9 | D:1      | Noticed a tengu
    13 | D:1      | Noticed a naga
    13 | D:1      | Noticed a draconian
    15 | D:1      | Noticed a centaur
    15 | D:1      | Noticed an ogre
    17 | D:1      | Noticed a merfolk
    17 | D:1      | Noticed a troll
    19 | D:1      | Noticed a spriggan
    19 | D:1      | Noticed a vampire
    21 | D:1      | Noticed a human
    21 | D:1      | Noticed a minotaur
    23 | D:1      | Noticed a demonspawn
    23 | D:1      | Noticed a formicid
    25 | D:1      | Noticed a ghoul
    25 | D:1      | Noticed a halfling
    27 | D:1      | Noticed a vine stalker
    27 | D:1      | Noticed an octopode
   473 | D:1      | Reached XP level 2. HP: 19/20 MP: 5/5
   598 | D:1      | You fall through a shaft!
   615 | D:2      | HP: 1/20 [poisoned by an adder]
   615 | D:2      | Slain by an adder

Action                   || total
-------------------------++-------
Melee: Unarmed           ||    66
       Tailslap          ||     4
 Cast: Shock             ||     4
Armor: Skin              ||    23
Dodge: Dodged            ||    61
